 Dungeon Crawl Stone Soup version 0.18.1-48-g4cf74bf (webtiles) character file.

499 ololoev the Magician (level 6, 32/32 HPs)
             Began as a Deep Elf Fire Elementalist on July 25, 2016.
             Quit the game on level 5 of the Dungeon.
             The game lasted 00:09:42 (1479 turns).

ololoev the Magician (Deep Elf Fire Elementalist)   Turns: 1479, Time: 00:09:43

Health: 32/32      AC:  7    Str:  5    XL:     6   Next: 94%
Magic:  16/16      EV: 13    Int: 22    God:
Gold:   16         SH:  0    Dex: 18    Spells: 4 memorised, 5 levels left

rFire  . . .     SeeInvis .     n - +2 whip (venom)
rCold  . . .     Gourm    .     a - +0 robe
rNeg   . . .     Faith    .     (no shield)
rPois  .         Spirit   .     f - +0 helmet (curse)
rElec  .         Dismiss  .     (no cloak)
rCorr  .         Reflect  .     q - +2 pair of gloves {Dex+3}
SustAt .         Harm     .     d - +0 pair of boots
MR     .....                    (no amulet)
Stlth  ++........               (no ring)
                                (no ring)

@: not resistant to hostile enchantments, unstealthy
A: no striking features
a: no special abilities

Inventory:

Hand Weapons
 n - a +2 whip of venom (weapon)
Armour
 a - a +0 robe (worn)
 d - a +0 pair of boots (worn)
 f - a cursed +0 helmet (worn)
 q - a +2 pair of gloves of dexterity (worn)
Scrolls
 e - 4 scrolls of remove curse {unknown}
 g - 4 scrolls of identify {unknown}
 i - 3 scrolls of enchant weapon {unknown}
 j - a scroll of random uselessness {unknown}
 r - a scroll of magic mapping {unknown}
Potions
 h - a potion of cure mutation {unknown}
 l - a potion of heal wounds {unknown}
 m - a potion of cancellation {unknown}
 o - a potion of degeneration {unknown}
 p - a potion of invisibility {unknown}
 s - a potion of curing {unknown}
 t - 2 potions of brilliance {unknown}
Books
 b - a book of Flames

   Spells                             Type                      Level
   a - Flame Tongue                   Conjuration/Fire             1
   b - Throw Flame                    Conjuration/Fire             2
   c - Conjure Flame                  Conjuration/Fire             3
   d - Inner Flame                    Hexes/Fire                   3
   e - Sticky Flame                   Conjuration/Fire             4
   f - Fireball                       Conjuration/Fire             5
Comestibles
 c - 4 bread rations
 k - a meat ration


   Skills:
 - Level 2.4 Dodging
 - Level 2.4 Stealth
 + Level 5.7 Spellcasting
 * Level 5.6 Conjurations
 + Level 5.0 Fire Magic


You had 5 spell levels left.
You knew the following spells:

 Your Spells              Type           Power        Failure   Level  Hunger
a - Flame Tongue          Conj/Fire      ####.        1%          1    None
b - Conjure Flame         Conj/Fire      ####....     3%          3    ##.....
c - Sticky Flame          Conj/Fire      ####....     12%         4    ####...
e - Inner Flame           Hex/Fire       ###.....     12%         3    ##.....


You were on level 5 of the Dungeon.
You were not hungry.

You visited 2 branches of the dungeon, and saw 6 of its levels.

You collected 106 gold pieces.
You spent 90 gold pieces at shops.

........### ##
.........#..
......#.#| ###. #
#.#...... ....
#.#.##..#.# ...
##....#..#.######.#
.##
..................#
.. #
.......@.....#####
###.#
###.........#.#
.W..
..##......###.# ..
.#.###.#.#.# #.# #
......#?#$# #.# #
#.### #...# #.# #
##.## #.### #.# #
#.###...## #.# #.#
# #........# #.#
#.#

Notes
Turn   | Place    | Note
--------------------------------------------------------------
     0 | D:1      | ololoev the Deep Elf Fire Elementalist began the quest for the Orb.
     0 | D:1      | Reached XP level 1. HP: 10/10 MP: 6/6
    37 | D:2      | Noticed Terence
    89 | D:1      | Reached XP level 2. HP: 15/15 MP: 2/8
   265 | D:1      | You fall through a shaft!
   267 | D:2      | Reached XP level 3. HP: 18/19 MP: 3/10
   272 | D:2      | Learned a level 3 spell: Conjure Flame
   276 | D:2      | Learned a level 3 spell: Inner Flame
   398 | D:3      | Noticed Ijyb
   660 | D:4      | Found a burning altar of Makhleb.
   668 | D:4      | Noticed a phantom
   708 | D:4      | Killed a phantom
   708 | D:4      | Reached XP level 4. HP: 24/24 MP: 0/12
   711 | D:4      | Noticed Robin
   718 | D:4      | Learned a level 4 spell: Sticky Flame
   755 | D:4      | Found a glowing silver altar of Zin.
   780 | D:4      | Reached XP level 5. HP: 28/28 MP: 4/13
   783 | D:4      | Noticed Edmund
   825 | D:4      | Killed Edmund
   825 | D:4      | Reached skill level 5 in Spellcasting
   825 | D:4      | Reached XP level 6. HP: 12/32 MP: 2/15
   909 | D:4      | Noticed Natasha
   917 | D:4      | Found Paisk's Antique Armour Boutique.
   921 | D:4      | Killed Natasha
   921 | D:4      | Reached skill level 5 in Conjurations
   926 | D:4      | Bought a pair of runed gloves for 90 gold pieces
  1020 | D:4      | Found a sparkling altar of Nemelex Xobeh.
  1082 | D:4      | Noticed Natasha
  1099 | D:4      | Killed Natasha
  1111 | D:5      | Entered Level 5 of the Dungeon
  1126 | D:5      | Noticed Fluut's ghost (amateur HESk)
  1139 | D:5      | Found an oddly glowing altar of Pakellas.
  1143 | D:5      | Noticed Menkaure
  1155 | D:5      | Noticed an ice beast
  1164 | D:5      | Killed an ice beast
  1200 | D:5      | Reached skill level 5 in Fire Magic
  1227 | D:5      | Noticed a hungry ghost
  1252 | D:5      | Found a staircase to the Ecumenical Temple.
  1262 | Temple   | Entered the Ecumenical Temple
  1479 | D:5      | Quit the game

Dungeon Overview and Level Annotations

Branches:
Dungeon (5/15)             Temple (1/1) D:5

Altars:
Cheibriados
Dithmenos
Elyvilon
Fedhas
Gozag
Makhleb
Nemelex Xobeh
Pakellas
Qazlal
Ru
Trog
Vehumet
Xom
Yredelemnul
Zin
The Shining One

Shops:
D:4 [

Annotations:
D:2 Terence
D:3 Ijyb
D:4 Robin
D:5 Fluut's ghost, amateur HESk; Menkaure


Message History

e - 4 scrolls labeled QAT VOIRCHI (gained 1)
A worker ant comes into view.
You hear the slow rusting of a distant drain.
The worker ant twitches its antennae in your direction.
You completely miss the worker ant. The worker ant barely misses you.
The worker ant bites you!
You hit the worker ant but do no damage.
The worker ant barely misses you.
You hit the worker ant.
The worker ant is poisoned.
The worker ant is moderately wounded.
The worker ant bites you.
You barely miss the worker ant.
The worker ant is heavily wounded.
The worker ant bites you but does no damage. x2
You kill the worker ant!
Found a runed whip.
A hungry ghost comes into view.
You closely miss the hungry ghost. The hungry ghost barely misses you.
You are feeling hungry.
The hungry ghost hits you.
You are feeling very hungry.
Found 27 bolts.
Found a staircase to the Ecumenical Temple.
You see here 27 bolts.
You hear the slow rusting of a distant drain.
There is a staircase to the Ecumenical Temple here.
The hungry ghost hits you.
You are near starving!
You climb downwards.
Welcome to the Ecumenical Temple!
There is a staircase back to the Dungeon here.
The hungry ghost hits you.
You feel somewhat more hungry.
Found a radiant altar of Vehumet.
Unknown command.
Found a shimmering altar of Xom.
Found a basalt altar of Yredelemnul.
The hungry ghost closely misses you. The hungry ghost completely misses you.
Found a snail-covered altar of Cheibriados.
You are starving!
Found a white marble altar of Elyvilon.
Found an opulent altar of Gozag.
Found a glowing golden altar of the Shining One.
Found a bloodstained altar of Trog.
You don't have the energy to cast that spell.
Unknown command.
Found a stormy altar of Qazlal.
There is a stormy altar of Qazlal here.
Found a blossoming altar of Fedhas.
Eat which item? (? for menu, Esc to quit)
You continue eating.
The hungry ghost hits you.
You feel a lot more hungry.
You continue eating.
The hungry ghost closely misses you.
You finish eating.
That meat ration really hit the spot!
Found a sacrificial altar of Ru.
Found a shadowy altar of Dithmenos.
Casting: Flame Tongue
Confirm with . or Enter, or press ? or * to list all spells.
Aiming: Conjure Flame
Press: ? - help, Dir - move target cursor The fire roars!
There is a radiant altar of Vehumet here.
There is a staircase back to the Dungeon here.
There is a sacrificial altar of Ru here.
There is a shadowy altar of Dithmenos here.
There is a staircase back to the Dungeon here.
You climb upwards.
Welcome back to the Dungeon!
You hear the sound of rushing water.
There is an entrance to a sewer on this level.
Hurry and find it before the portal rusts away!
You hear the rusting of a distant drain.
Level annotation: Fluut's ghost, amateur HESk; Menkaure
There is a staircase to the Ecumenical Temple here.
Unknown command.
Unknown command.
You see here 27 bolts.
Found a scroll labeled YGOOMU JEOM.
Found 11 gold pieces and a scroll labeled EWEFIM MIAB.
Found a twisted runed staff.
g - 4 scrolls labeled YGOOMU JEOM (gained 1) Are you sure you want to abandon this character and quit the game? (Confirm with "yes".)

There were no monsters in sight!

Vanquished Creatures
  Edmund (D:4)
  An ice beast (D:5)
  A phantom (D:4)
  A crimson imp (D:5)
  A hound (D:4)
  A centaur skeleton (D:4)
  Natasha (twice) (D:4)
  A worker ant (D:5)
  2 adders
  2 oozes (D:1)
  3 giant geckos
  A ball python (D:4)
  3 bats
  2 giant cockroaches (D:4)
  3 hobgoblins
  A kobold (D:2)
  4 goblins
  A jackal skeleton (D:5)
  3 rats
34 creatures vanquished.

Action                   |  1- 3 |  4- 6 || total
-------------------------+-------+-------++-------
Melee: Whip              |       |    35 ||    35
 Cast: Flame Tongue      |    52 |    18 ||    70
       Conjure Flame     |     1 |     4 ||     5
       Sticky Flame      |       |     2 ||     2
  Eat: Meat ration       |       |     1 ||     1
       Chunk             |       |     1 ||     1
Armor: Robe              |     9 |    11 ||    20
Dodge: Dodged            |    15 |    40 ||    55

Vault maps used:
D:1:      lightli_arrival_chessboard
D:2:      uniq_terence
D:3:      nemelex_dance_club_becter, uniq_iyjb
D:4:      old_standard_altar, zin_academy, bloody_makhleb, serial_shops,
          nicolae_shop_crystal, corexii_hall_statues_l, uniq_natasha,
          uniq_edmund, uniq_duvessa, uniq_robin
D:5:      grunt_pakellas_sulfur, temple_statues, first_bread,
          portal_sewer_entry_d, uniq_menkaure
Temple:   chambers_temple_12
